 Dungeon Crawl Stone Soup version 0.30.1-9-gdf580d7c3d (webtiles) character file.

Game seed: 13669666651088480321

114 KittyFluff the Cudgeller (level 4, -1/43 HPs)
             Began as a Gargoyle Berserker on Oct 21, 2023.
             Was a Believer of Trog.
             Slain by an adder (2 damage)
             ... on level 3 of the Dungeon.
             The game lasted 00:05:22 (1353 turns).

KittyFluff the Cudgeller (Gargoyle Berserker)       Turns: 1353, Time: 00:05:23

Health: -1/43      AC:  5    Str: 23    XL:     4   Next: 97%
Magic:  4/4        EV: 12    Int:  7    God:    Trog [**....]
Gold:   52         SH:  0    Dex:  9    Spells: 3/3 levels left

rFire   . . .        a - +0 mace
rCold   . . .        (no shield)
rNeg    + . .        b - +0 animal skin
rPois   ∞            (no helmet)
rElec   +            (no cloak)
rCorr   .            (no gloves)
SInv    .            (no boots)
Will    .....        (no amulet) Stlth
                     (no ring)
HPRegen 0.27/turn    (no ring)
MPRegen 0.09/turn

%: no passive effects
@: berserking (expiring), very quick
A: sickness immunity, AC +3, negative energy resistance 1, electricity
resistance, torment resistance 1, petrification resistance
a: Renounce Religion, Berserk, Trog's Hand


You were on level 3 of the Dungeon.
You worshipped Trog.
Trog was pleased with you.
You visited 1 branch of the dungeon, and saw 3 of its levels.

You collected 52 gold pieces.

Inventory:

Hand Weapons
 a - a +0 mace (weapon)
 m - a +0 heavy flail
Missiles
 g - 2 throwing nets (quivered)
 l - 2 poisoned darts
Armour
 b - a +0 animal skin (worn)
 o - a +0 ring mail
Jewellery
 h - an amulet of magic regeneration
Scrolls
 d - a scroll of enchant armour {unknown}
 f - 2 scrolls of identify {unknown}
 i - a scroll of butterflies {unknown}
 j - 2 scrolls of amnesia {unknown}
 n - a scroll of magic mapping {unknown}
 p - a scroll of fog {unknown}
 q - a scroll of fear {unknown}
Potions
 c - a potion of might {unknown}
 e - 4 potions of curing {unknown}
 k - a potion of ambrosia {unknown}


   Skills:
 + Level 3.8 Fighting
 * Level 3.9 Maces & Flails
 * Level 3.6 Armour
 + Level 2.2 Dodging


You had 3 spell levels left.
You didn't know any spells.
Your spell library was empty.

Dungeon Overview and Level Annotations

Branches:
Dungeon (3/15)

Altars:
Hepliaklqana


Innate Abilities, Weirdness & Mutations

You are immune to sickness and miasma.
Your stone body is resilient. (AC +3)
You are immune to poison.
You resist negative energy. (rN+)
You are resistant to electric shocks. (rElec)
You are resistant to unholy torment.
You are immune to petrification.


Message History

You barely miss the jackal. The jackal misses you. The endoplasm freezes you.
You are frozen.
* * * LOW HITPOINT WARNING * * *
The quokka barely misses you.
The jackal bites you but does no damage.
You sock the endoplasm!
You kill the endoplasm!
Trog accepts your kill.
You hear the slow rusting of a drain very nearby.
The jackal bites you.
* * * LOW HITPOINT WARNING * * *
The jackal bites you but does no damage.
The quokka bites you but does no damage.
The jackal barely misses you.
You closely miss the jackal. The jackal closely misses you.
The quokka barely misses you. The jackal bites you.
* * * LOW HITPOINT WARNING * * *
You closely miss the jackal.
The jackal bites you but does no damage.
The jackal closely misses you. The quokka closely misses you.
The jackal barely misses you.
You barely miss the jackal. The jackal barely misses you.
The quokka bites you but does no damage.
The jackal bites you.
* * * LOW HITPOINT WARNING * * *
You thump the jackal!
You feel the power of Trog in you as your rage grows.
You kill the jackal!
Trog accepts your kill. The jackal misses you. The quokka bites you.
* * * LOW HITPOINT WARNING * * *
You sock the jackal!
You kill the jackal!
Trog accepts your kill. The quokka closely misses you.
You sock the worm!
The worm is severely wounded.
The adder bites you.
You die...

.........$
#.#.......
#.#.......
#......... #
#.........
#.##.##.........
.......r#S......
#....@w......
.......>.†.(....
..........#.....
..........# ....
..........# ...
....#.##### ..
[..... . ......


You could see a worm, an adder and a quokka.

Vanquished Creatures
  6 adders (D:2)
  A worm (D:2)
  A dart slug (D:2)
  An orc (D:2)
  4 endoplasms
  3 giant cockroaches
  7 goblins
  6 hobgoblins
  3 jackals (D:3)
  2 kobolds
  A quokka (D:2)
  5 ball pythons (D:2)
  4 bats
  6 rats
50 creatures vanquished.

Notes
Turn   | Place    | Note
-------+----------+-------------------------------------------
     0 | D:1      | KittyFluff the Gargoyle Berserker began the quest for the
                  | Orb.
     0 | D:1      | Reached XP level 1. HP: 14/14 MP: 1/1
   431 | D:1      | Reached XP level 2. HP: 12/19 MP: 2/2
   498 | D:1      | Found a hazy altar of Hepliaklqana.
   764 | D:2      | Reached XP level 3. HP: 23/23 MP: 3/3
   825 | D:2      | Reached XP level 4. HP: 17/29 MP: 4/4
  1142 | D:2      | Reached ** piety under Trog
  1351 | D:3      | HP: 1/43 [quokka (4)]
  1353 | D:3      | Slain by an adder

Illustrated notes

Levels and vault maps discovered:
D:1:      dpeg_arrival_circle_labyrinth_c, layout_rooms, minmay_hexomino_r4
D:2:      layout_rooms, kennysheep_generic_room_12
D:3:      layout_rooms, portal_sewer_entry_a

Skill      XL: |  1  2  3 |
---------------+----------+-----
Armour         | 3 |  3.6
Dodging        | 2 |  2.2
Fighting       | |  3.8
Maces & Flails | |  3.9

Action                     |  1- 3 |  4- 6 || total
---------------------------+-------+-------++-------
  Melee: Mace              |    95 |    90 ||   185
 Invoke: Berserk           |     1 |     1 ||     2
 Armour: Animal skin       |    42 |    56 ||    98
  Dodge: Dodged            |    71 |   123 ||   194
